 Dungeon Crawl Stone Soup version 0.19.0-2-gae57169 (webtiles) character file.

263 Millan the Skirmisher (level 5, 0/43 HPs)
             Began as a Minotaur Berserker on Nov 5, 2016.
             Was a Believer of Trog.
             Succumbed to an orc wizard's poison
             ... on level 4 of the Dungeon.
             The game lasted 00:06:57 (2873 turns).

Millan the Skirmisher (Minotaur Berserker)          Turns: 2873, Time: 00:06:58

Health: 0/43       AC:  7    Str: 23    XL:     5   Next: 98%
Magic:  4/4        EV: 12    Int:  4    God:    Trog [**....]
Gold:   119        SH:  0    Dex:  9    Spells: 0 memorised, 4 levels left

rFire  + . .     SeeInvis .     a - +0 hand axe
rCold  . . .     Gourm    .     o - +0 leather armour
rNeg   . . .     Faith    .     f - +0 buckler
rPois  .         Spirit   .     (helmet restricted)
rElec  .         Reflect  .     d - +0 cloak
rCorr  +         Harm     .     (no gloves)
MR     .....                    (no boots)
Stlth  ..........               (no amulet)
                                v - +3 ring of protection
                                h - ring of resist corrosion

@: confused, lethally poisoned (0 -> -20), exhausted, slowed, very slow
A: retaliatory headbutt, horns 2, fire resistance 1, frail 1, subdued magic 1
a: Berserk, Trog's Hand, Burn Spellbooks, Renounce Religion


You were on level 4 of the Dungeon.
You worshipped Trog.
Trog was pleased with you.
You were not hungry.

You visited 1 branch of the dungeon, and saw 4 of its levels.

You collected 119 gold pieces.

Inventory:

Hand Weapons
 a - a +0 hand axe (weapon)
Armour
 d - a +0 cloak (worn)
 f - a +0 buckler (worn)
 o - a +0 leather armour (worn)
Jewellery
 h - a ring of resist corrosion (left hand)
 v - a +3 ring of protection (right hand)
Wands
 q - a wand of flame (34/48)
 r - a wand of iceblast (9/15)
Scrolls
 b - 2 scrolls of enchant weapon {unknown}
 g - a scroll of noise {unknown}
 j - a scroll of enchant armour {unknown}
 k - 2 scrolls of magic mapping {unknown}
 l - 2 scrolls of identify {unknown}
 t - a scroll of immolation {unknown}
 u - 2 scrolls of amnesia {unknown}
Potions
 i - 2 potions of might {unknown}
 m - a potion of lignification {unknown}
 p - 2 potions of heal wounds {unknown}
 s - 2 potions of haste {unknown}
Comestibles
 c - 2 bread rations
 n - a meat ration


   Skills:
 + Level 5.4 Fighting
 + Level 5.3 Axes
 + Level 3.4 Armour
 + Level 3.4 Dodging
 + Level 0.1 Stealth
 + Level 1.3 Shields


You had 4 spell levels left.
You didn't know any spells.

Dungeon Overview and Level Annotations

Branches:
Dungeon (4/15)             Temple (0/1) D:4

Altars:
Ashenzari


Innate Abilities, Weirdness & Mutations

You reflexively headbutt those who attack you in melee.
You have a pair of horns on your head.
Your flesh is heat resistant. (rF+)
You are frail. (-10% HP)
Your spells are a little easier to cast, but a little less powerful.


Message History

* * * LOW HITPOINT WARNING * * *
You feel sick.
The orc wizard hits you but does no damage.
You are lethally poisoned!
You barely miss the orc wizard. You headbutt the orc wizard.
The orc wizard is moderately wounded.
* * * LOW HITPOINT WARNING * * *
You feel sick.
The orc wizard points at you and mumbles some strange words.
You are confused.
The orc wizard hits you with a dagger of venom.
* * * LOW HITPOINT WARNING * * *
You are more poisoned.
* * * LOW HITPOINT WARNING * * *
You feel very sick.
Okay, then.
It was a potion of mutation.
You feel extremely strange.
Your connection to magic feels subdued.
You feel frail.
You feel resistant to heat.
You die...

.....##.......##.(....#>##.....
####.##.##.##.###...[.....o...#
#.....<.##........#..####..#
####.#####.................#
#.# #.##..#.......##.## #.#
#.##..#.##).#.##.# ...
#.##....##)......# ...
#.##....?))$.....# ...#
#...@o..##.##.#.## ..#
#..........# ...# ##.....###.#
#..# #.....# #... ..# #.....#
#####.## #######


You could see an orc wizard.

Vanquished Creatures
  2 scorpions (D:4)
  An orc priest (D:4)
  An orc wizard (D:4)
  An iguana (D:3)
  An adder (D:3)
  A worm (D:3)
  3 dart slugs
  2 leopard geckos (D:2)
  5 orcs
  3 giant cockroaches
  3 goblins
  5 hobgoblins
  2 jackals (D:1)
  2 quokkas
  8 bats
  5 frilled lizards
  6 kobolds
  8 rats
59 creatures vanquished.

Notes
Turn   | Place    | Note
-------+----------+-------------------------------------------
     0 | D:1      | Millan the Minotaur Berserker began the quest for the Orb.
     0 | D:1      | Reached XP level 1. HP: 19/19 MP: 0/0
   247 | D:1      | Reached XP level 2. HP: 22/27 MP: 1/1
   303 | D:1      | Found a shattered altar of Ashenzari.
   894 | D:2      | Reached ** piety under Trog
   894 | D:2      | Reached XP level 3. HP: 12/33 MP: 2/2
  2006 | D:3      | Reached XP level 4. HP: 28/41 MP: 3/3
  2552 | D:4      | Reached skill level 5 in Fighting
  2552 | D:4      | Reached XP level 5. HP: 8/48 MP: 4/4
  2790 | D:4      | Reached skill level 5 in Axes
  2808 | D:4      | Found a staircase to the Ecumenical Temple.
  2837 | D:4      | Reached skill level 1 in Shields
  2854 | D:4      | HP: 2/48 [poisoned by an orc wizard]
  2872 | D:4      | HP: 1/48 [poisoned by an orc wizard]
  2873 | D:4      | Gained mutation: Your spells are a little easier to cast, but a little less powerful. [potion of mutation]
  2873 | D:4      | Gained mutation: You are frail. (-10% HP) [potion of mutation]
  2873 | D:4      | Gained mutation: Your flesh is heat resistant. (rF+) [potion of mutation]
  2873 | D:4      | Succumbed to an orc wizard's poison

Skill      XL: |  1  2  3  4  5 |
---------------+----------------+-----
Fighting       | 4 5 |  5.4
Axes           | 4 5 |  5.3
Armour         | 3 |  3.4
Dodging        | 3 |  3.4
Shields        | 1 |  1.3
Stealth        | |  0.1

Action                   |  1- 3 |  4- 6 || total
-------------------------+-------+-------++-------
Melee: Hand axe          |    99 |    58 ||   157
       Headbutt          |    14 |     7 ||    21
Invok: Trog's Hand       |       |     2 ||     2
       Berserk           |       |     1 ||     1
  Use: Potion            |       |     4 ||     4
  Eat: Bread ration      |     1 |     1 ||     2
Armor: Animal skin       |    11 |       ||    11
       Leather armour    |    12 |    20 ||    32
Dodge: Dodged            |    66 |    25 ||    91
Block: Buckler           |    12 |     8 ||    20
